Map: Zen LE

Players

Zest - Winner!

  • Race: Protoss Protoss
  • Spawn Location: 1:00

Serral

  • Race: Zerg Zerg
  • Spawn Location: 7:00

Event: IEM Katowice 2020

VOD

Have the link to the VOD?

Description

Time

  • Played on: March 1, 2020, 4:59 a.m.
  • Length: 11:05

All games in this series

Show
View Real Time Build Order
Export as new Build Order

Zest Protoss - Winner!

Build Orders: 1 Gate Expand, Phoenix Opening, Zealot Archon, Colossus Rush 

Get SALT Encoding   

  12  0:02  Probe  
  13  0:13  Pylon  
  13  0:18  Probe (Chrono Boost)  
  15  0:29  Probe (Chrono Boost)  
  15  0:34  Probe (Chrono Boost)  
  16  0:38  Gateway  
  16  0:46  Probe  
  16  0:48  Assimilator  
  17  0:58  Probe  
  18  1:10  Probe  
  19  1:22  Probe  
  20  1:28  Nexus  
  20  1:36  Cybernetics Core  
  20  1:39  Probe  
  21  1:45  Assimilator  
  21  1:51  Probe  
  22  1:56  Pylon  
  22  2:04  Probe  
  23  2:12  Stalker (Chrono Boost)  
  25  2:16  Probe  
  26  2:28  Probe  
  27  2:33  Stargate  
  27  2:35  Adept (Chrono Boost)  
  27  2:40  Probe (Chrono Boost)  
  27  2:43  Warp Gate  
  31  2:46  Probe (Chrono Boost)  
  31  2:49  Probe (Chrono Boost)  
  32  2:53  Probe (Chrono Boost)  
  32  2:54  Probe (Chrono Boost)  
  34  3:04  Probe  
  35  3:06  Probe  
  36  3:14  Pylon  
  36  3:15  Phoenix (Chrono Boost)  
  36  3:16  Probe  
  36  3:18  Probe  
  40  3:23  Pylon  
  40  3:28  Probe  
  40  3:30  Probe  
  40  3:32  Phoenix (Chrono Boost)  
  44  3:36  Gateway  
  44  3:40  Probe  
  45  3:42  Probe  
  46  3:52  Probe  
  46  3:53  Assimilator  
  46  3:54  Phoenix (Chrono Boost), Probe  
  46  3:55  Assimilator  
  50  4:05  Probe  
  50  4:06  Gateway  
  50  4:07  Probe  
  52  4:11  Phoenix (Chrono Boost)  
  54  4:19  Probe x2  
  54  4:22  Pylon  
  56  4:31  Probe x2  
  57  4:34  Sentry x2  
  62  4:43  Probe x2  
  64  4:54  Nexus  
  64  4:55  Probe x2, Pylon  
  64  4:57  Zealot  
  64  4:58  Sentry  
  70  5:02  Pylon  
  70  5:06  Forge, Twilight Council  
  70  5:13  Probe x2 (Chrono Boost)  
  72  5:16  Robotics Facility  
  72  5:17  Shield Battery  
  72  5:24  Gateway  
  72  5:25  Probe (Chrono Boost)  
  72  5:26  Probe (Chrono Boost)  
  74  5:31  Probe x2 (Chrono Boost)  
  74  5:35  Pylon  
  76  5:40  Probe x2, Colossus (Chrono Boost)  
  78  5:46  Protoss Ground Weapons Level 1 (Chrono Boost)  
  78  5:49  Charge  
  78  5:52  Templar Archives  
  78  5:56  Gateway  
  79  5:58  Gateway  
  79  6:01  Gateway  
  78  6:05  Warp Prism (Chrono Boost)  
  80  6:12  Gateway  
  80  6:17  Gateway  
  80  6:18  Gateway  
  80  6:29  High Templar x2  
  80  6:30  High Templar x2  
  88  6:34  Archon x2, Observer (Chrono Boost)  
  88  6:35  Colossus (Chrono Boost)  
  88  6:39  Probe x2, Assimilator  
  91  6:40  Probe  
  91  6:41  Assimilator  
  91  6:43  Pylon  
  91  6:45  Pylon  
  92  6:47  Pylon x2  
  92  6:49  Pylon  
  92  6:50  Pylon  
  92  6:53  Photon Cannon  
  92  6:57  Warp Prism (Chrono Boost)  
  92  6:58  High Templar x2  
  98  7:04  Probe x2  
  98  7:06  Probe  
  98  7:07  Archon  
  101  7:13  Zealot x6  
  113  7:40  Zealot x9  
  113  7:41  Zealot  
  129  8:00  Zealot x9  
  129  8:01  Zealot  
  112  8:21  Zealot x6  
  112  8:22  Zealot x4  
  106  8:41  Zealot  
  106  8:42  Zealot x8  
Show
View Real Time Build Order
Export as new Build Order

Serral Zerg 

Build Orders: Hatch First 

Get SALT Encoding   

  12  0:00  Drone  
  13  0:12  Overlord  
  13  0:17  Drone  
  14  0:30  Drone x2  
  16  0:38  Drone  
  17  0:52  Hatchery  
  17  0:55  Drone  
  17  0:58  Drone  
  18  1:08  Extractor  
  17  1:13  Spawning Pool  
  17  1:16  Drone  
  17  1:19  Drone  
  18  1:28  Drone  
  19  1:38  Overlord  
  19  1:51  Drone  
  20  2:00  Queen  
  22  2:02  Zergling x2  
  22  2:04  Zergling x2, Queen  
  26  2:10  Metabolic Boost  
  26  2:12  Drone  
  28  2:15  Drone  
  28  2:22  Drone  
  29  2:37  Hatchery  
  28  2:44  Queen  
  28  2:48  Overlord  
  30  2:53  Overlord  
  30  3:07  Drone x4  
  30  3:08  Drone  
  30  3:10  Drone  
  36  3:15  Drone  
  36  3:16  Drone  
  36  3:19  Overlord  
  38  3:25  Drone x2  
  40  3:31  Queen  
  42  3:34  Drone  
  42  3:39  Spore Crawler  
  42  3:41  Drone  
  42  3:46  Zergling x2  
  42  3:48  Drone x2  
  46  3:52  Queen  
  46  3:55  Drone  
  49  3:56  Zergling x2  
  49  3:59  Drone  
  49  4:02  Overlord  
  51  4:09  Drone x2  
  53  4:16  Spore Crawler x2, Overlord  
  51  4:21  Queen  
  51  4:22  Drone  
  51  4:23  Drone  
  55  4:25  Drone  
  56  4:32  Drone  
  56  4:34  Roach Warren  
  56  4:36  Drone  
  56  4:37  Drone x2  
  59  4:39  Drone  
  59  4:40  Drone  
  59  4:44  Extractor  
  60  4:45  Lair  
  60  4:47  Zergling x2  
  60  4:48  Drone  
  60  4:51  Drone x2  
  60  4:52  Drone  
  65  4:56  Overlord  
  65  4:57  Extractor  
  64  5:00  Drone x2  
  64  5:04  Overlord  
  66  5:09  Drone  
  66  5:11  Drone  
  66  5:15  Drone x6  
  66  5:18  Evolution Chamber  
  71  5:23  Drone x3  
  71  5:24  Drone x2  
  71  5:28  Drone x2  
  78  5:29  Extractor  
  78  5:30  Drone  
  78  5:33  Drone x2  
  78  5:34  Drone  
  81  5:39  Drone, Overlord  
  81  5:42  Drone  
  82  5:43  Drone  
  82  5:44  Drone  
  82  5:46  Glial Reconstitution  
  80  5:50  Zerg Melee Weapons Level 1  
  80  5:51  Drone, Overlord  
  80  5:53  Drone  
  80  5:55  Overlord  
  82  6:00  Drone x3  
  85  6:04  Extractor  
  85  6:05  Extractor  
  85  6:07  Drone  
  85  6:08  Drone  
  85  6:10  Drone x2  
  87  6:15  Hatchery  
  86  6:20  Drone x3  
  86  6:22  Overlord, Baneling Nest  
  86  6:23  Roach  
  86  6:24  Roach x2  
  94  6:26  Overseer, Pneumatized Carapace  
  94  6:28  Roach  
  94  6:32  Roach x2  
  99  6:35  Overlord x2  
  99  6:39  Roach  
  101  6:42  Roach x2  
  105  6:49  Overlord  
  105  6:51  Roach x3  
  111  6:55  Roach x3  
  111  6:59  Overlord  
  117  7:04  Centrifical Hooks  
  117  7:06  Drone x2  
  117  7:07  Zergling x6  
  122  7:14  Zergling x6  
  125  7:19  Drone  
  125  7:20  Ravager x2  
  125  7:21  Ravager x2, Evolution Chamber  
  129  7:24  Overlord  
  129  7:26  Overlord  
  129  7:27  Zergling x10  
  129  7:29  Baneling x10  
  134  7:33  Zergling x4  
  136  7:39  Zergling x10  
  139  7:46  Roach  
  139  7:47  Zergling x2, Roach x4  
  138  7:55  Roach x5  
  131  8:00  Roach x2  
  131  8:05  Roach x2  
  125  8:09  Queen  
  125  8:10  Queen  
  115  8:15  Roach x4  
  112  8:21  Roach  
  112  8:26  Roach x3  
  99  8:32  Roach x2  
  90  8:35  Roach  

Tags
 
Add a new tag
Caveats
  • Supply blocks, unpowered buildings, or Contaminate may cause inaccurate times.
  • Supply counts are checked every 10 seconds.